 Dungeon Crawl Stone Soup version 0.26-a0-154-g3d63440f56 (webtiles) character file.

Game seed: 5946846260356521114

63 MrRokkomies the Bolt Thrower (level 4, -2/28 HPs)
             Began as a Kobold Hunter on July 1, 2020.
             Slain by a hobgoblin
             ... wielding a +0 club
             ... led by Robin
              (3 damage)
             ... on level 2 of the Dungeon.
             The game lasted 00:03:19 (1486 turns).

MrRokkomies the Bolt Thrower (Kobold Hunter)        Turns: 1486, Time: 00:03:19

Health: -2/28      AC:  5    Str: 10    XL:     4   Next: 31%
Magic:  4/4        EV: 14    Int: 12    God:
Gold:   108        SH:  0    Dex: 15    Spells: 3/3 levels left

rFire    . . .     SeeInvis .   b - +0 short sword
rCold    . . .     Faith    .   (shield restricted)
rNeg     . . .     Spirit   .   h - +0 ring mail
rPois    .         Reflect  .   (no helmet)
rElec    .         Harm     .   (no cloak)
rCorr    .                      (no gloves)
MR       .....                  (no boots)
Stlth    ..........             (no amulet)
HPRegen  0.09/turn              (no ring)
MPRegen  0.09/turn              (no ring)

@: confused, hasted, very quick
A: small, carnivore
a: no special abilities


You were on level 2 of the Dungeon.
You were very full.

You visited 1 branch of the dungeon, and saw 2 of its levels.

You collected 108 gold pieces.

Inventory:

Hand Weapons
 a - a +2 hand crossbow
 b - a +0 short sword (weapon)
Armour
 c - a +0 leather armour
 h - a +0 ring mail (worn)
Potions
 e - a potion of flight
 j - 2 potions of haste
Comestibles
 f - 2 rations


   Skills:
 * Level 3.3 Fighting
 * Level 5.7 Crossbows
 + Level 3.1 Dodging
 - Level 1.3 Stealth


You had 3 spell levels left.
You didn't know any spells.
Your spell library was empty.

Dungeon Overview and Level Annotations

Branches:
Dungeon (2/15)

Altars:
Gozag

Annotations:
D:2 Robin, Sigmund


Innate Abilities, Weirdness & Mutations

You are small and have problems with some larger weapons.
You are carnivorous and can eat meat at any time.


Message History

Press: ? - help, Shift-Dir - straight line, f - hobgoblin
Aim: a hobgoblin, wielding a +0 club
Okay, then.
Firing (i - inventory) No suitable missiles.
Press: ? - help, Shift-Dir - straight line, f/p - hobgoblin
Aim: a hobgoblin, wielding a +0 club
Okay, then.
b - a +0 short sword (weapon)
The goblin misses you.
You are too injured to fight recklessly!
You are too injured to fight recklessly!
You are too injured to fight recklessly!
You hit the goblin.
The goblin is moderately wounded.
The hobgoblin barely misses you.
Sigmund hits you from afar with a +0 scythe!
* * * LOW HITPOINT WARNING * * *
You bump into the rock wall.
The goblin misses you. The hobgoblin hits you with a +0 club.
You die...

......#.#.# ##+###.#
#####.#.#.# ##..##.#
........#.# #......#
#####.#.#.# #...÷..#
......#.#.#####......#
#............).......#
+...........######...#
#...........##wgg#...#
#...........##.#@#...#
#########.....g#(#..>..
#......§§wg#@#.#.###
#...§.§§§§g#g#.#.#
#....§§§§§g#.#
#......§§§§#.#
#.....#'##§#.#
#.....#.##§#.#
.'.....#.##g#


You could see Sigmund (strong), a worm, a hobgoblin and 2 goblins.

Vanquished Creatures
  An adder (D:2)
  An ooze (D:1)
  2 dart slugs (D:1)
  A leopard gecko (D:1)
  5 bats
  3 giant cockroaches (D:1)
  10 goblins
  4 hobgoblins
  2 jackals (D:1)
  A frilled lizard (D:1)
  7 kobolds (D:1)
  5 rats
42 creatures vanquished.

Notes
Turn   | Place    | Note
-------+----------+-------------------------------------------
     0 | D:1      | MrRokkomies the Kobold Hunter began the quest for the Orb.
     0 | D:1      | Reached XP level 1. HP: 12/12 MP: 1/1
    85 | D:1      | Reached skill level 5 in Crossbows
    88 | D:1      | Reached XP level 2. HP: 18/18 MP: 2/2
   378 | D:1      | Reached XP level 3. HP: 22/22 MP: 3/3
   953 | D:1      | Reached XP level 4. HP: 28/28 MP: 4/4
  1372 | D:2      | Found an opulent altar of Gozag.
  1451 | D:2      | Noticed Robin
  1456 | D:2      | Noticed Sigmund
  1485 | D:2      | HP: 1/28 [Sigmund/+0 scythe (7)]
  1486 | D:2      | Slain by a hobgoblin

Illustrated notes

Levels and vault maps discovered:
D:1:      dpeg_arrival_orchard, layout_basic
D:2:      layout_basic, yredelemnul_altar_generic,
          nicolae_gozag_cash_rules_everything_around_me, minmay_bisected,
          uniq_robin, uniq_sigmund

Skill      XL: |  1  2  3 |
---------------+----------+-----
Crossbows      | 5 |  5.7
Fighting       | 3 |  3.3
Dodging        | 3 |  3.1
Stealth        | |  1.3

Action                   |  1- 3 |  4- 6 || total
-------------------------+-------+-------++-------
Melee: Short sword       |    56 |    13 ||    69
 Fire: Hand crossbow     |    40 |    18 ||    58
  Use: Scroll            |       |     4 ||     4
       Potion            |       |     1 ||     1
  Eat: Chunk             |     8 |     1 ||     9
Armor: Leather armour    |     8 |       ||     8
       Ring mail         |     3 |     5 ||     8
Dodge: Dodged            |    56 |    24 ||    80

Table legend:
 A = Non-vault XP
 B = Vault XP
 C = Vault XP percentage of total XP
 D = Non-vault monster count
 E = Vault monster count
 F = Vault count percentage of total count
                 A         B        C        D         E       F
            +---------+---------+-------+---------+---------+-------
      Total |      87 |       4 |   4.4 |      40 |       2 |   4.8
            +---------+---------+-------+---------+---------+-------
        D:1 |      69 |       0 |   0.0 |      35 |       0 |   0.0
        D:2 |      18 |       4 |  18.2 |       5 |       2 |  28.6
            +---------+---------+-------+---------+---------+-------
